 Dungeon Crawl Stone Soup version 0.30.0-5-g1a98f26d00 (webtiles) character file.

Game seed: 17963522225855992342

136 MacCMillion the Digger (level 5, -4/28 HPs)
             Began as a Gargoyle Earth Elementalist on May 11, 2023.
             Killed from afar by Natasha (16 damage)
             ... with a bolt of light
             ... on level 3 of the Dungeon.
             The game lasted 00:04:26 (2974 turns).

MacCMillion the Digger (GrEE)                       Turns: 2974, Time: 00:04:26

Health: -4/28      AC:  6    Str: 12    XL:     5   Next: 19%
Magic:  4/9        EV: 11    Int: 17    God:
Gold:   138        SH:  0    Dex: 10    Spells: 5/9 levels left

rFire   . . .        d - +0 spear
rCold   . . .        (no shield)
rNeg    + . .        a - +0 robe
rPois   ∞            (no helmet)
rElec   +            (no cloak)
rCorr   .            (no gloves)
SInv    .            (no boots)
Will    .....        (no amulet)
Stlth   ++           (no ring)
HPRegen 0.24/turn    (no ring)
MPRegen 0.11/turn

%: no passive effects
@: slowed, very slow
A: sickness immunity, AC +4, negative energy resistance 1, electricity
resistance, torment resistance 1, petrification resistance
a: no special abilities


You were on level 3 of the Dungeon.
You visited 1 branch of the dungeon, and saw 3 of its levels.

You collected 138 gold pieces.

Inventory:

Hand Weapons
 d - a +0 spear (weapon)
Armour
 a - a +0 robe (worn)
Scrolls
 c - 2 scrolls of identify {unknown}
 f - a scroll of fear {unknown}
 g - 2 scrolls of fog {unknown}
 h - a scroll of blinking {unknown}
 k - a scroll of vulnerability {unknown}
Potions
 b - a potion of magic
 e - 2 potions of curing
 i - 2 potions of lignification {unknown}
 j - a potion of might {unknown}


   Skills:
 - Level 1.5 Dodging
 - Level 2.1 Stealth
 + Level 2.7 Spellcasting
 + Level 2.0 Conjurations
 - Level 0.7 Transmutations
 + Level 5.8 Earth Magic


You had 5 spell levels left.
You knew the following spells:

 Your Spells              Type           Power      Damage    Failure   Level
a - Sandblast             Erth           44%        2d11      1%          1
b - Stone Arrow           Conj/Erth      30%        3d8       11%         3

Your spell library contained the following spells:

 Spells                   Type           Power      Damage    Failure   Level
 Passwall                 Tmut/Erth      10%        N/A       7%          2
 Sting                    Tmut/Pois      12%        1d3       16%         1
 Poisonous Vapours        Pois/Air       4%         N/A       26%         2
 Petrify                  Tmut/Erth      13%        N/A       43%         4
 Vhi's Electric Charge    Tloc/Air       4%         N/A       47%         3
 Animate Armour           Summ/Erth      24%        N/A       47%         4
 Olgreb's Toxic Radiance  Pois           2%         N/A       87%         4
 Arcjolt                  Conj/Air       2%         1d12      97%         5
 Lehudib's Crystal Spear  Conj/Erth      7%         10d3      100%        8
 Maxwell's Capacitive Co  Air            1%         ∞         100%        8


Dungeon Overview and Level Annotations

Branches:
Dungeon (3/15)

Altars:

Annotations:
D:3 Natasha


Innate Abilities, Weirdness & Mutations

You are immune to sickness and miasma.
Your stone body is resilient. (AC +4)
You are immune to poison.
You resist negative energy. (rN+)
You are resistant to electric shocks. (rElec)
You are resistant to unholy torment.
You are immune to petrification.


Message History

There is an open door here.
The blast of sand hits the gnoll!
The gnoll is almost dead.
The blast of sand hits the gnoll.
You kill the gnoll!
You start resting.
HP restored.
Magic restored.
Found a stone staircase leading down.
Natasha, Servant of Life and Death comes into view.
She is carrying a wand of light (7).
You miscast Sandblast.
You are very lightly contaminated with residual magic.
Nothing appears to happen.
Natasha hisses angrily.
The blast of sand misses Natasha.
Natasha zaps a wand.
The bolt of light hits you!
You are confused.
You're too confused to cast spells.
Unknown command.
You are too confused!
You feel better.
Natasha mumbles some strange words.
You feel troubled.
The blast of sand hits Natasha.
Natasha is moderately wounded.
Natasha zaps a wand.
The bolt of light misses you. Natasha closely misses you.
The blast of sand hits Natasha!
Natasha is severely wounded.
Natasha claws you.
The blast of sand hits Natasha.
Natasha is severely wounded.
Natasha stares at you and mumbles some strange words.
You feel yourself slow down. Natasha casts a spell at you.
The magic dart hits you!
Your magical contamination has completely faded away.
The blast of sand misses Natasha.
Natasha claws you.
Natasha zaps a wand.
The bolt of light hits you!
Ouch! That really hurt!
You die...

# #...## # ##.##
# #>#### #.# #.
#....####.#
#.#######......#
#....#....######
...#.#### #h#.#
#.@.# #####


You could see Natasha.

Vanquished Creatures
  Natasha (D:3)
  3 gnolls (D:3)
  3 adders (D:2)
  A worm (D:2)
  2 dart slugs (D:1)
  7 ball pythons
  2 endoplasms (D:1)
  A giant cockroach (D:1)
  8 goblins
  7 hobgoblins
  A quokka (D:1)
  4 bats
  5 frilled lizards
  3 kobolds
  5 rats
53 creatures vanquished.

Notes
Turn   | Place    | Note
-------+----------+-------------------------------------------
     0 | D:1      | MacCMillion the Gargoyle Earth Elementalist began the quest
                  | for the Orb.
     0 | D:1      | Reached XP level 1. HP: 10/10 MP: 3/3
   270 | D:1      | Reached skill level 4 in Earth Magic
   291 | D:1      | Reached XP level 2. HP: 15/15 MP: 3/5
   780 | D:1      | Reached skill level 5 in Earth Magic
   780 | D:1      | Reached XP level 3. HP: 19/19 MP: 3/6
  1350 | D:1      | Learned a level 3 spell: Stone Arrow
  1664 | D:2      | Reached skill level 1 in Conjurations
  1664 | D:2      | Reached XP level 4. HP: 23/24 MP: 4/7
  2861 | D:3      | Noticed Natasha
  2869 | D:3      | Killed Natasha
  2870 | D:3      | Reached XP level 5. HP: 18/28 MP: 3/9
  2966 | D:3      | Noticed Natasha
  2974 | D:3      | Killed from afar by Natasha

Illustrated notes

Levels and vault maps discovered:
D:1:      roderic_crossed_star, layout_basic, dk_noncrumbling_2
D:2:      layout_basic
D:3:      layout_loops_corners, uniq_crazy_yiuf_cottage, uniq_natasha

Skill      XL: |  1  2  3  4 |
---------------+-------------+-----
Earth Magic    | 4 5 |  5.8
Conjurations   | 1 2 |  2.0
Dodging        | |  1.5
Stealth        | |  2.1
Spellcasting   | |  2.7
Transmutations | |  0.7

Action                     |  1- 3 |  4- 6 || total
---------------------------+-------+-------++-------
  Melee: Spear             |     1 |       ||     1
   Cast: Sandblast         |    51 |    31 ||    82
    Use: Potion            |       |     2 ||     2
 Armour: Robe              |     7 |     2 ||     9
  Dodge: Dodged            |     2 |     5 ||     7
